AoeStats
← Thewanderero

QS Arena

503639372Analyzed
4v4 RM · 1mo ago on Sep 1, 2026· 50m 45s· 8 players
Game mode
Random Map
Map size
Large (8 player)
Population
200
Speed
Normal
Resources
Standard
Victory
Conquest
Starting age
Dark Age
Ending age
Imperial Age
RankedLock teamsTeams togetherTeam positionsShared explorationLock speedFull tech treeHidden civsTurbo modeCheats
Victory
Defeat
🇲🇽 Goths · Mexico
1064
+14
🇧🇾 Goths · Belarus
1045
+14
🇹🇼 Goths · Taiwan
1042
+15
🇨🇳 Goths · China
1041
+15
🇳🇱 Saracens · Netherlands
1060
-17
🇪🇸 Romans · Spain
1049
-16
🇨🇿 Celts · Czechia
1020
-15
🇫🇷 Ethiopians · France
919
-10
Grubik
9:14 Feudal Age
9:46 Double-Bit Axe
11:23 Loom
15:03 Castle Age
14:43 Horse Collar
14:57 Stone Mining
17:21 Bow Saw
17:13 Heavy Plow
27:02 Stone Shaft Mining
27:02 Pikeman
32:31 Imperial Age
31:20 Wheelbarrow
31:13 Forging
31:05 Scale Mail Armor
31:41 Stronghold
31:37 Treadmill Crane
32:19 Ballistics
32:14 Fortified Wall
33:34 Iron Casting
33:14 Chain Mail Armor
33:44 Conscription
36:38 Hand Cart
36:09 Town Watch
37:54 Murder Holes
39:28 Blast Furnace
39:56 Blast Furnace
39:27 Plate Mail Armor
38:35 Elite Woad Raider
GENTILLESSE
7:02 Loom
8:47 Feudal Age
10:34 Double-Bit Axe
14:08 Castle Age
14:37 Gold Mining
15:41 Horse Collar
18:15 Bow Saw
18:59 Gold Shaft Mining
21:14 Fletching
24:09 Wheelbarrow
24:07 Bodkin Arrow
26:21 Hand Cart
26:01 Crossbowman
28:46 Ballistics
28:36 Fortified Wall
32:39 Imperial Age
30:55 Stone Mining
37:29 Capped Ram
37:53 Heavy Camel Rider
38:32 Siege Ram
40:14 Arbalester
41:36 Elite Shotel Warrior
43:36 Scale Mail Armor
43:37 Bracer
43:37 Padded Archer Armor
48:34 Stone Shaft Mining
49:10 Conscription
48:52 Royal Heirs
Big Joey
8:50 Feudal Age
10:06 Double-Bit Axe
10:02 Horse Collar
12:54 Castle Age
12:54 Gold Mining
13:50 Bow Saw
13:41 Heavy Plow
20:17 Fervor
20:29 Sanctity
20:48 Wheelbarrow
20:17 Loom
20:18 Town Watch
21:58 Gold Shaft Mining
21:25 Stone Mining
25:34 Imperial Age
23:21 Padded Archer Armor
24:34 Hand Cart
25:19 Leather Archer Armor
24:55 Fletching
24:48 Treadmill Crane
27:15 Chemistry
26:37 Ballistics
27:04 Conscription
28:07 Two-Man Saw
28:04 Ballistics
32:47 Ring Archer Armor
32:13 Bodkin Arrow
33:24 Bloodlines
33:15 Husbandry
33:11 Light Cavalry
35:03 Counterweights
35:08 Hussar
39:14 Coinage
39:36 Hoardings
39:12 Bimaristan
45:09 Crossbowman
45:55 Thumb Ring
47:03 Crossbowman
49:05 Arbalester
EoLo
7:35 Feudal Age
8:27 Double-Bit Axe
8:24 Horse Collar
15:03 Castle Age
14:21 Gold Mining
15:11 Loom
16:28 Bow Saw
18:33 Wheelbarrow
18:25 Scale Mail Armor
18:36 Forging
18:24 Stone Mining
19:50 Wheelbarrow
20:32 Pikeman
20:35 Man-at-Arms
21:17 Squires
23:04 Hand Cart
23:07 Chain Mail Armor
23:42 Fletching
25:42 Town Watch
26:35 Iron Casting
27:20 Gold Shaft Mining
26:38 Long Swordsman
28:17 Heavy Plow
32:00 Imperial Age
29:36 Bodkin Arrow
32:49 Legionary
34:31 Conscription
35:47 Blast Furnace
36:02 Heavy Scorpion
Xh4e
1:35 Loom
9:03 Feudal Age
13:37 Castle Age
12:43 Double-Bit Axe
12:40 Horse Collar
12:53 Stone Mining
19:16 Bow Saw
20:58 Gold Mining
21:16 Elite Skirmisher
24:29 Ballistics
25:37 Stone Shaft Mining
26:35 Wheelbarrow
27:32 Heavy Plow
31:44 Imperial Age
29:51 Hand Cart
29:41 Pikeman
30:22 Squires
30:35 Forging
30:26 Scale Mail Armor
32:38 Onager
33:35 Caravan
34:06 Coinage
34:54 Chemistry
34:28 Conscription
35:03 Guilds
36:30 Elite Huskarl
38:03 Chain Mail Armor
38:23 Iron Casting
38:05 Perfusion
38:17 Anarchy
37:42 Elite Huskarl
40:50 Halberdier
42:53 Blast Furnace
41:29 Man-at-Arms
42:11 Long Swordsman
PERCENT5175
7:20 Feudal Age
8:13 Double-Bit Axe
12:06 Castle Age
11:02 Horse Collar
11:53 Gold Mining
12:06 Loom
13:38 Heavy Plow
17:00 Town Watch
17:44 Fervor
20:32 Bow Saw
21:08 Sanctity
23:38 Wheelbarrow
26:09 Imperial Age
24:23 Herbal Medicine
24:55 Forging
24:47 Stone Mining
25:33 Hand Cart
26:22 Iron Casting
26:48 Scale Mail Armor
27:35 Stone Shaft Mining
28:06 Chemistry
28:15 Padded Archer Armor
29:11 Leather Archer Armor
30:12 Two-Man Saw
29:55 Ballistics
31:26 Blast Furnace
30:02 Pikeman
30:43 Squires
30:11 Man-at-Arms
31:58 Conscription
34:03 Blast Furnace
32:56 Long Swordsman
34:02 Chain Mail Armor
34:21 Town Patrol
34:24 Perfusion
35:24 Halberdier
35:25 Two-Handed Swordsman
36:17 Scale Barding Armor
36:58 Anarchy
38:35 Elite Skirmisher
41:07 Champion
42:12 Fletching
42:34 Masonry
43:03 Guilds
45:37 Elite Huskarl
49:00 Architecture
50:41 Capped Ram
50:43 Onager
会做梦的懒猪
8:16 Feudal Age
12:07 Castle Age
10:22 Double-Bit Axe
10:53 Horse Collar
12:38 Wheelbarrow
14:09 Bow Saw
17:05 Loom
18:03 Heavy Plow
22:49 Hand Cart
22:50 Town Watch
23:39 Town Patrol
29:35 Imperial Age
27:54 Murder Holes
29:05 Forging
28:56 Scale Mail Armor
29:23 Anarchy
29:27 Gold Mining
29:27 Stone Mining
30:40 Conscription
31:24 Chemistry
31:00 Crop Rotation
31:32 Two-Man Saw
30:37 Elite Huskarl
31:18 Perfusion
31:22 Squires
32:58 Iron Casting
33:36 Chain Mail Armor
34:27 Man-at-Arms
35:01 Long Swordsman
35:24 Two-Handed Swordsman
36:37 Champion
44:06 Stone Shaft Mining
43:04 Sappers
44:39 Blast Furnace
43:53 Masonry
44:05 Ballistics
43:39 Fletching
43:49 Padded Archer Armor
49:07 Bodkin Arrow
49:27 Leather Archer Armor
Thewanderero
9:16 Feudal Age
13:10 Castle Age
11:13 Double-Bit Axe
11:39 Horse Collar
13:19 Wheelbarrow
14:01 Bow Saw
13:53 Heavy Plow
18:50 Loom
18:54 Town Watch
22:11 Scale Mail Armor
22:21 Forging
22:16 Squires
22:16 Man-at-Arms
22:18 Pikeman
23:03 Long Swordsman
25:43 Iron Casting
25:23 Chain Mail Armor
26:13 Anarchy
27:56 Chain Mail Armor
32:53 Imperial Age
30:42 Hand Cart
32:58 Elite Huskarl
34:49 Masonry
35:41 Chemistry
36:41 Perfusion
37:02 Conscription
37:10 Halberdier
41:30 Blast Furnace
46:57 Two-Handed Swordsman
49:43 Elite Skirmisher
51:50 Architecture
Connection lost

Rejoining the realm…

Still unreachable

The connection could not be restored.

Session expired

The server has moved on; the page needs a fresh start.